 Dungeon Crawl Stone Soup version 0.27-a0-1193-g8631133539 (webtiles) character file.

Game seed: 7814535353471779508

109695 rjrrt the Severer (level 16, -4/223 HPs)
             Began as a Minotaur Berserker on May 24, 2021.
             Was a High Priest of Trog.
             Slain by an orc knight
             ... wielding a +0 antimagic war axe
              (11 damage)
             ... on level 14 of the Dungeon on May 25, 2021.
             The game lasted 00:50:13 (28859 turns).

rjrrt the Severer (Minotaur Berserker)             Turns: 28859, Time: 00:50:14

Health: -4/223     AC: 31    Str: 30    XL:     16   Next: 5%
Magic:  0/15       EV: 12    Int:  5    God:    Trog [*****.]
Gold:   1623       SH:  0    Dex: 11    Spells: 15/15 levels left

rFire    . . .     SeeInvis +   a - +3 broad axe (flame)
rCold    . . .     Faith    .   (no shield)
rNeg     + . .     Spirit   +   M - +0 crystal plate armour
rPois    .         Reflect  .   d - +0 hat
rElec    .         Harm     .   y - +0 cloak
rCorr    +         Rampage  .   r - +0 pair of gloves of the Desert {rN+ rCorr}
Will     +++..                  S - +2 pair of boots "Vinu" {rCorr}
Stlth    ..........             J - amulet of guardian spirit
HPRegen  1.47/turn              K - ring of the Octopus King {Fly AC+1 EV+1 Str+1 Int+1 Dex+1}
MPRegen  0.14/turn              D - ring of see invisible

@: berserking, strong-willed, flying, regenerating, very quick
A: horns 2, retaliatory headbutt
a: Renounce Religion, Berserk, Trog's Hand, Brothers in Arms


You were on level 14 of the Dungeon.
You worshipped Trog.
Trog was extremely pleased with you.
You visited 3 branches of the dungeon, and saw 23 of its levels.
You visited 1 bazaar.
You also visited: Bailey.

You collected 3054 gold pieces.
You spent 1431 gold pieces at shops.

Inventory:

Hand Weapons
 a - a +3 broad axe of flaming (weapon)
 b - a +1 vorpal halberd
 m - a +0 antimagic executioner's axe
 I - a +5 battleaxe
Missiles
 g - 56 poisoned darts (quivered)
 j - 4 javelins
 s - 7 throwing nets
 x - 11 curare-tipped darts
Armour
 d - a +0 hat (worn)
 r - the +0 pair of gloves of the Desert (worn) {rN+ rCorr}
   (You bought it in a shop on level 5 of the Dungeon)

   It protects you from negative energy.
   It protects you from acid and corrosion.
 y - a +0 cloak (worn)
 z - +0 fire dragon scales
 A - a +2 chain mail of poison resistance
 M - a +0 crystal plate armour (worn)
 S - the +2 pair of boots "Vinu" (worn) {rCorr}
   (You bought it in a shop on level 2 of the Orcish Mines)

   It protects you from acid and corrosion.
Jewellery
 n - a ring of positive energy
 D - a ring of see invisible (right hand)
 J - an amulet of guardian spirit (around neck)
 K - a ring of the Octopus King (left hand) {Fly AC+1 EV+1 Str+1 Int+1 Dex+1}
   (You found it on level 6 of the Lair of Beasts)

   [ring of flight]

   It affects your AC (+1).
   It affects your evasion (+1).
   It affects your strength (+1).
   It affects your intelligence (+1).
   It affects your dexterity (+1).
   It grants you flight.
 R - a ring of ice
Wands
 c - a wand of paralysis (11)
 v - a wand of iceblast (17)
 C - a wand of acid (37)
 G - a wand of polymorph (18)
 O - a wand of flame (17)
 T - a wand of digging (7)
Scrolls
 f - 2 scrolls of fog
 h - 3 scrolls of enchant weapon
 l - a scroll of blinking
 p - 8 scrolls of teleportation
 q - a scroll of enchant armour
 B - 3 scrolls of magic mapping
 F - 3 scrolls of fear
 L - a scroll of summoning
 V - a scroll of holy word
Potions
 e - 2 potions of lignification
 i - 9 potions of curing
 k - 4 potions of heal wounds
 o - 8 potions of attraction
 t - 3 potions of might
 u - 3 potions of magic
 w - 2 potions of haste
 E - a potion of resistance
 H - 3 potions of mutation
 Q - 2 potions of invisibility
Miscellaneous
 N - a lightning rod (4/4)
 P - a phantom mirror


   Skills:
 + Level 15.2 Fighting
 * Level 19.8 Axes
 + Level 15.1 Armour
 + Level 14.0 Dodging
 - Level 6.0 Evocations


You had 15 spell levels left.
You didn't know any spells.
Your spell library was empty.

Dungeon Overview and Level Annotations

Branches:
Dungeon (15/15)            Temple (0/1) D:7            Lair (6/6) D:8
  Swamp (0/4) Lair:3       Spider (0/4) Lair:3        Slime (0/5) Lair:6
    Orc (2/2) D:11            Elf (0/3) Orc:2        Vaults (0/5) D:13
 Bailey (visited)
 Depths: D:15

Altars:
Dithmenos
Elyvilon
Kikubaaqudgha
Nemelex Xobeh
Qazlal
Sif Muna
Trog
Uskayaw
Xom
Zin
The Shining One
Beogh
Jiyva

Shops:
D:4 =   D:5 [![[   D:6 *   D:7 ((:[   Orc:2 *[:(

Annotations:
D:9 3 runed translucent doors, Dordric's ghost, journeyman HOMo
D:14 1 transporter, Eteoggu's ghost, journeyman FoFi


Innate Abilities, Weirdness & Mutations

You have a pair of horns on your head.
You reflexively headbutt those who attack you in melee.


Message History

You headbutt the stone giant.
Eteoggu's ghost hits you but does no damage.
The orc knight hits you but does no damage.
Your Dodging skill increases to level 14!
You slice the stone giant!! You burn the stone giant!
The stone giant is heavily wounded.
You miss Eteoggu's ghost. You closely miss the orc knight.
The stone giant hits you!!!
* * * LOW HITPOINT WARNING * * *
The orc knight unwields a +1 eveningstar of flaming.
It stops flaming.
The orc knight wields a +3 arbalest.
The orc knight shoots a bolt.
The bolt misses you.
Unknown command.
You barely miss the moth of wrath. You headbutt the moth of wrath!!
The moth of wrath is heavily wounded.
You hit Eteoggu's ghost but do no damage.
You barely miss the orc knight. You hit the stone giant.
You burn the stone giant. Eteoggu's ghost barely misses you.
The orc knight hits you but does no damage.
The stone giant closely misses you. You furiously retaliate!
You headbutt the stone giant!
You hit the stone giant but do no damage.
You headbutt the stone giant!
The stone giant is severely wounded.
You hit the orc knight. You burn the orc knight.
You barely miss Eteoggu's ghost. You slash the moth of wrath!
You burn the moth of wrath. The moth of wrath bites you!
* * * LOW HITPOINT WARNING * * *
The stone giant closely misses you. You furiously retaliate!
You headbutt the stone giant. You slash the stone giant!
You burn the stone giant.
The stone giant is almost dead.
You slice the moth of wrath!! You burn the moth of wrath.
You kill the moth of wrath!
Trog accepts your kill.
Your crystal plate armour prevents you from hitting Eteoggu's ghost.
You closely miss the orc knight.
Eteoggu's ghost hits you but does no damage.
The orc knight hits you with a +0 antimagic war axe!
You die...

..........############.......#...
..........#..................#...
##........'........#####.....#...
##........#..(...###.©.###...#...
.'........#.....##....#####..#...
.#........#.(...#....####.#..#...
.#........#....##....#§#..##.#...
.#........#.[..#oWC..[.#...#.....
.##########...©#@)o#._[....#©....
.# #<...#†C#≈..}##..#..... .#
#....######C#≈#.##.#... .#
#.....##..#.#####..#... .#
###+#.##.....# ##..#... .#
#......###..O###...'... .#
##...(...#####.....#...
.###########.................#...
.#........##.................#.##


You could see a stone giant (berserk), 2 orc knights, 2 cyclopes and Eteoggu's
ghost.

Vanquished Creatures
  Saint Roka (Orc:1)
  Rupert (Lair:4)
  Jorgrun (Orc:1)
  A fire giant (D:15)
  An orc warlord (Orc:1)
  Snorg (Orc:1)
  Josephine (D:12)
  A fire dragon (D:15)
  An ettin (D:15)
  11 hydras
  Fannar (Orc:1)
  8 vault guards (D:13)
  Harold (D:7)
  2 boulder beetles (D:15)
  A centaur warrior (D:13)
  An anaconda (Lair:6)
  The ghost of freelancePsychic the Covert, a journeyman KoBe of Trog (D:11)
  7 two-headed ogres
  Urug (Lair:2)
  2 orc high priests (Orc:2)
  Nergalle (Lair:2)
  2 deep trolls (D:15)
  3 wizards
  2 bog bodies (Lair:3)
  Pikel (D:7)
  5 orc knights
  4 ugly things
  A deep elf pyromancer (D:14)
  5 orc sorcerers
  3 cyclopes
  3 manticores
  3 moths of wrath
  3 centaur zombies (D:11)
  Maurice (Orc:1)
  15 elephants
  4 black mambas
  2 unseen horrors
  A rime drake (Lair:2)
  31 cane toads
  10 komodo dragons
  Maggie (D:7)
  2 efreet
  A tengu conjurer (D:15)
  2 tyrant leeches (Lair:6)
  8 trolls
  32 blink frogs
  A wolf spider simulacrum (D:15)
  4 slime creatures
  4 dream sheep (Lair:6)
  A centaur simulacrum (D:14)
  Sigmund (D:6)
  3 shadows
  7 wyverns
  2 redbacks (Lair:3)
  57 yaks
  A water elemental (D:14)
  2 vampires
  5 wraiths
  A hog (shapeshifter) (D:13)
  9 vampire mosquitoes
  4 steam dragons
  A basilisk (Lair:5)
  Menkaure (D:5)
  Edmund (D:6)
  6 wargs
  An acid dragon (D:12)
  16 water moccasins
  33 orc warriors
  2 sky beasts (D:7)
  2 black bears
  2 necrophages
  12 ogres
  5 wolves (Lair:6)
  12 centaurs
  3 kobold brigands
  A phantom (D:4)
  29 bullfrogs
  2 gnoll sergeants
  A wyvern zombie (D:6)
  4 scorpions
  A wyvern skeleton (D:7)
  16 killer bees
  10 wights (D:6)
  2 electric eels
  5 howler monkeys
  3 hounds
  9 orc priests
  5 jellies
  4 iguanas
  18 orc wizards
  A scorpion zombie (D:5)
  10 hell rats
  A howler monkey zombie (D:8)
  23 gnolls
  A river rat (Lair:6)
  8 adders
  A white imp (D:7)
  3 ufetubi (D:6)
  3 worms
  5 dart slugs
  76 orcs
  5 bats
  12 endoplasms
  3 giant cockroaches
  3 goblins
  A hobgoblin (D:2)
  19 jackals
  8 quokkas
  5 ball pythons
  8 frilled lizards
  23 kobolds
  A quokka skeleton (D:4)
  7 rats
727 creatures vanquished.

Vanquished Creatures (collateral kills)
  Frances (D:13)
  Sonja (Lair:2)
  4 elephants (Lair:4)
  A komodo dragon (Lair:2)
  3 slime creatures (D:13)
  A wraith (D:13)
  A basilisk (Lair:2)
  3 orc warriors (Bailey)
  An orc (Bailey)
16 creatures vanquished.

Vanquished Creatures (others)
  A kobold (D:8)
  A bush (Lair:6)
  92 fungi
  143 plants
237 creatures vanquished.

Grand Total: 980 creatures vanquished

Notes
Turn   | Place    | Note
-------+----------+-------------------------------------------
     0 | D:1      | rjrrt the Minotaur Berserker began the quest for the Orb.
     0 | D:1      | Reached XP level 1. HP: 19/19 MP: 0/0
   108 | D:1      | Reached skill level 4 in Axes
   229 | D:1      | Reached XP level 2. HP: 20/26 MP: 1/1
   708 | D:1      | Reached skill level 5 in Axes
   810 | D:1      | Reached ** piety under Trog
   942 | D:1      | Reached XP level 3. HP: 30/31 MP: 2/2
  1781 | D:2      | Reached skill level 6 in Axes
  1781 | D:2      | Reached XP level 4. HP: 34/39 MP: 3/3
  2143 | D:3      | Reached XP level 5. HP: 45/45 MP: 4/4
  2144 | D:3      | Reached skill level 7 in Axes
  2392 | D:3      | Reached *** piety under Trog
  2398 | D:3      | Found a faded altar of an unknown god.
  2731 | D:3      | Reached skill level 8 in Axes
  2966 | D:3      | Reached XP level 6. HP: 41/51 MP: 5/5
  3765 | D:3      | Reached **** piety under Trog
  3766 | D:3      | Reached skill level 9 in Axes
  4018 | D:3      | Reached XP level 7. HP: 55/57 MP: 6/6
  4505 | D:4      | Reached skill level 10 in Axes
  4529 | D:4      | Noticed a steam dragon
  4532 | D:4      | Found Luomnos's Jewellery Shoppe.
  4545 | D:4      | Killed a steam dragon
  4629 | D:4      | Reached skill level 11 in Axes
  4690 | D:4      | Found a white marble altar of Elyvilon.
  4953 | D:4      | Reached ***** piety under Trog
  4959 | D:4      | Reached XP level 8. HP: 51/64 MP: 7/7
  5307 | D:5      | Entered Level 5 of the Dungeon
  5317 | D:5      | Identified a scroll of acquirement
  5317 | D:5      | Acquired a +0 hat
  5402 | D:5      | Noticed Menkaure
  5418 | D:5      | Killed Menkaure
  5521 | D:5      | Found Ekefos's Antique Armour Shoppe.
  5549 | D:5      | Found Ipnudwod's Antique Armour Emporium.
  6059 | D:5      | Found Qits's Antique Armour Shoppe.
  6069 | D:5      | Bought a pair of dazzling gloves for 266 gold pieces
  6069 | D:5      | Identified the +0 pair of gloves of the Desert {rN+ rCorr}
                  | (You bought it in a shop on level 5 of the Dungeon)
  6141 | D:5      | Found Leajusch's Distillery.
  6149 | D:5      | Bought a potion of might for 52 gold pieces
  6149 | D:5      | Bought a potion of degeneration for 13 gold pieces
  6313 | D:6      | Reached skill level 5 in Fighting
  6401 | D:6      | Reached skill level 12 in Axes
  6471 | D:6      | Found Dixkyce's Elemental Accessories.
  6494 | D:6      | Identified the +0 ring mail "Jaixteps" {-Cast rPois Will-
                  | rCorr}
  6513 | D:6      | Reached XP level 9. HP: 67/74 MP: 5/8
  6542 | D:6      | Reached skill level 5 in Armour
  7153 | D:6      | Reached skill level 5 in Dodging
  7523 | D:6      | Noticed Edmund
  7528 | D:6      | Killed Edmund
  7555 | D:6      | Noticed Sigmund
  7562 | D:6      | Killed Sigmund
  7888 | D:7      | Found a staircase to the Ecumenical Temple.
  7977 | D:7      | Found Cuem's Antique Weapon Shoppe.
  8300 | D:7      | Found Vico's Antique Armour Emporium.
  8396 | D:7      | Found Hiese's Antique Weapon Boutique.
  8422 | D:7      | Noticed Harold
  8432 | D:7      | Killed Harold
  8433 | D:7      | Reached skill level 13 in Axes
  8433 | D:7      | Reached XP level 10. HP: 45/88 MP: 3/9
  8625 | D:7      | Found Yjaul's Book Shop.
  8858 | D:7      | Noticed Maggie
  8869 | D:7      | Killed Maggie
  9010 | D:7      | Noticed Pikel
  9025 | D:7      | Killed Pikel
  9122 | D:7      | Found a stormy altar of Qazlal.
  9127 | D:7      | Found an ancient bone altar of Kikubaaqudgha.
  9127 | D:7      | Found a glowing silver altar of Zin.
  9138 | D:7      | Found a sparkling altar of Nemelex Xobeh.
  9151 | D:7      | Found a glowing golden altar of the Shining One.
  9831 | D:8      | Noticed a two-headed ogre
  9838 | D:8      | Killed a two-headed ogre
  9839 | D:8      | Reached skill level 1 in Evocations
  9986 | D:8      | Noticed a two-headed ogre
 10013 | D:8      | Killed a two-headed ogre
 10435 | D:8      | Reached XP level 11. HP: 97/97 MP: 10/10
 10553 | D:8      | Found a staircase to the Lair.
 10677 | Lair:1   | Entered Level 1 of the Lair of Beasts
 10690 | Lair:1   | Received a gift from Trog
 10829 | Lair:1   | Reached skill level 14 in Axes
 11782 | Lair:2   | Noticed Nergalle
 11786 | Lair:2   | Reached skill level 10 in Fighting
 11793 | Lair:2   | Killed Nergalle
 12114 | Lair:2   | Noticed Urug
 12140 | Lair:2   | Killed Urug
 12141 | Lair:2   | Reached skill level 10 in Armour
 12141 | Lair:2   | Noticed Sonja
 12155 | Lair:2   | Killed Sonja
 13150 | Lair:2   | Reached XP level 12. HP: 93/108 MP: 9/11
 13279 | Lair:3   | Noticed a five-headed hydra
 13483 | Lair:3   | Noticed a five-headed hydra
 13491 | Lair:3   | Killed a one-headed hydra
 13625 | Lair:3   | Found a shadowy altar of Dithmenos.
 13677 | Lair:3   | Received a gift from Trog
 13683 | Lair:3   | Found a staircase to the Swamp.
 13700 | Lair:3   | Reached skill level 10 in Dodging
 13719 | Lair:3   | Reached skill level 15 in Axes
 13995 | Lair:3   | Found a hole to the Spider Nest.
 14206 | Lair:3   | Killed a two-headed hydra
 14479 | Lair:4   | Noticed Rupert
 14486 | Lair:4   | Killed Rupert
 14508 | Lair:4   | Identified the +1 cloak of Xoedgh {Harm}
 14573 | Lair:4   | Noticed an eight-headed hydra
 14582 | Lair:4   | Killed a two-headed hydra
 15261 | Lair:5   | Reached XP level 13. HP: 114/118 MP: 10/12
 15925 | Lair:6   | Entered Level 6 of the Lair of Beasts
 16264 | Lair:6   | Reached skill level 16 in Axes
 16635 | Lair:6   | Received a gift from Trog
 16900 | Lair:6   | Reached skill level 5 in Evocations
 17259 | Lair:6   | Reached ****** piety under Trog
 17609 | Lair:6   | Reached XP level 14. HP: 46/129 MP: 9/13
 18179 | Lair:6   | Reached skill level 17 in Axes
 18232 | Lair:6   | Found a staircase to the Slime Pits.
 18233 | Lair:6   | Found a viscous altar of Jiyva.
 18461 | Lair:6   | Received a gift from Trog
 19054 | Lair:6   | Found the +5 robe of Misfortune {Contam Harm *Corrode Drain
                  | *Slow EV+5}
 19055 | Lair:6   | Found the ring of the Octopus King
 19063 | Lair:6   | Identified a ring of the Octopus King {Fly AC+1 EV+1 Str+1
                  | Int+1 Dex+1}
 19067 | Lair:6   | Identified the +1 helmet "Xuetaaje" {-Cast +Blink rPois
                  | rC++}
 19098 | Lair:6   | Upgraded the game from 0.27-a0-1191-g601b473118 to
                  | 0.27-a0-1193-g8631133539
 19524 | D:9      | Found a runed translucent gate.
 19525 | D:9      | Found a runed translucent gate.
 19526 | D:9      | Found a runed translucent gate.
 19526 | D:9      | Noticed Dordric's ghost (journeyman HOMo)
 20137 | D:10     | Entered Level 10 of the Dungeon
 20199 | D:10     | Found a flagged portal.
 20227 | Bailey   | Entered a bailey
 21460 | D:11     | Found a staircase to the Orcish Mines.
 21804 | D:11     | Found a transporter.
 21808 | D:11     | Noticed freelancePsychic's ghost (journeyman KoBe)
 21844 | D:11     | Found a transporter.
 21887 | D:11     | Received a gift from Trog
 21894 | D:11     | Reached skill level 18 in Axes
 21910 | D:11     | Killed freelancePsychic's ghost
 22141 | D:11     | Found a glowing golden altar of the Shining One.
 22320 | Orc:1    | Entered Level 1 of the Orcish Mines
 22327 | Orc:1    | Noticed Jorgrun
 22333 | Orc:1    | Noticed Fannar
 22344 | Orc:1    | Killed Jorgrun
 22354 | Orc:1    | Killed Fannar
 22652 | Orc:2    | Entered Level 2 of the Orcish Mines
 22657 | Orc:2    | Found Gaofoc's General Store.
 22657 | Orc:2    | Noticed an orc warlord
 22780 | Orc:1    | Killed an orc warlord
 22967 | Orc:2    | Reached XP level 15. HP: 111/138 MP: 6/14
 23202 | Orc:1    | Noticed Snorg
 23206 | Orc:1    | Killed Snorg
 23245 | Orc:1    | Noticed Maurice
 23255 | Orc:1    | Killed Maurice
 23609 | Orc:2    | Found a shimmering altar of Xom.
 23611 | Orc:2    | Noticed Saint Roka
 23823 | Orc:1    | Received a gift from Trog
 24020 | Orc:1    | Killed Saint Roka
 24513 | Orc:2    | Found Woujed's Antique Armour Emporium.
 24530 | Orc:2    | Found Redogikhlesh's Antique Weapon Shoppe.
 24539 | Orc:2    | Found Miunas's Book Shop.
 24735 | Orc:2    | Found a staircase to the Elven Halls.
 24917 | Orc:2    | Bought a pair of distressingly furry boots for 275 gold
                  | pieces
 24917 | Orc:2    | Identified the +2 pair of boots "Vinu" {rCorr} (You bought
                  | it in a shop on level 2 of the Orcish Mines)
 25361 | D:12     | Reached skill level 19 in Axes
 25578 | D:12     | Noticed Josephine
 25586 | D:12     | Killed Josephine
 26244 | D:13     | Found a flickering gateway to a bazaar.
 26260 | D:13     | Found a gate to the Vaults.
 26308 | Bazaar   | Entered a bazaar
 26423 | Bazaar   | Found Nidwuo's Book Boutique.
 26437 | Bazaar   | Found Tuplanil's Armour Shop.
 26451 | Bazaar   | Found Pyhimojo's General Store.
 26465 | Bazaar   | Found Kuumpebo's General Store.
 26473 | Bazaar   | Bought a potion of heal wounds for 65 gold pieces
 26479 | Bazaar   | Found Goxkat's Assorted Antiques.
 26487 | Bazaar   | Bought a scroll labelled REQATS XEHI for 20 gold pieces
 26493 | Bazaar   | Found Oblopta's Assorted Antiques.
 26534 | Bazaar   | Bought a scroll of brand weapon for 740 gold pieces
 27177 | D:13     | Noticed Frances
 27182 | D:13     | Killed Frances
 27221 | D:13     | Reached skill level 15 in Fighting
 27224 | D:13     | Received a gift from Trog
 27516 | D:14     | Found a transporter.
 27517 | D:14     | Found a bloodstained altar of Trog.
 27525 | D:14     | Found a transporter.
 27529 | D:14     | Noticed Eteoggu's ghost (journeyman FoFi)
 27745 | D:14     | Found a hide-covered altar of Uskayaw.
 27921 | D:14     | You are sucked into a shaft and drop 1 floor!
 27921 | D:15     | Entered Level 15 of the Dungeon
 28066 | D:15     | Noticed a fire giant
 28077 | D:15     | Killed a fire giant
 28145 | D:15     | Found a shimmering blue altar of Sif Muna.
 28194 | D:15     | Reached skill level 15 in Armour
 28422 | D:14     | Reached XP level 16. HP: 149/149 MP: 15/15
 28858 | D:14     | HP: 6/223 [moth of wrath (9)]
 28859 | D:14     | Slain by an orc knight

Illustrated notes

Levels and vault maps discovered:
D:1:      heliophobic_arrival_henge, layout_basic
D:2:      layout_basic
D:3:      lemuel_castle_with_subvaults [lemuel_castle_interior_original],
          layout_basic, shapermc_ecumenical_altar_mp_vishouse,
          minmay_misc_feat_iff, kennysheep_generic_room_4
D:4:      layout_basic, elyvilon_altar_4, serial_shops, shop, abandoned_shop
D:5:      layout_rooms, serial_shops, nicolae_shop_crystal,
          nicolae_shop_crystal, shop, shop, serial_park_tiny_2,
          minmay_quadrilaterals, uniq_menkaure
D:6:      layout_cave_pools, nicolae_elemental_shop, kennysheep_cluttered_room,
          sigmund_edmund_badplayer
D:7:      layout_cave_pods, minmay_overflow_temple_star_hex,
          minmay_temple_entry_junction, serial_shops, shop, shop,
          nicolae_shop_window_shopping, shop, uniq_pikel, uniq_maggie,
          uniq_harold
D:8:      layout_loops_ring, grunt_lair_entry_orc_guard_hut,
          grunt_ministairs_12, st_stairs_13
D:9:      layout_basic, gammafunk_ghost_split
D:10:     layout_loops_ring, enter_bailey_2, kennysheep_generic_room_3
D:11:     layout_irregular_city, minmay_orc_entry_temple_small,
          serial_column_ruins, column_ruins_columns_corner,
          column_ruins_open_medium, column_ruins_open_tiny,
          column_ruins_corridor_T, column_ruins_grid_3,
          column_ruins_columns_straight, gammafunk_ghost_berserking_beasts,
          tso_oasis_becter
D:12:     layout_gridville, uniq_josephine
D:13:     layout_small_grid, erik_vaults_2, serial_shops, bzr_entry_dummy,
          uniq_frances
D:14:     layout_stronghold, gammafunk_ghost_wrathful_warriors,
          kennysheep_donut, nicolae_uskayaw_murder_on_the_dancefloor
D:15:     hangedman_depths_entry_civil_slaughter, layout_cave_pools,
          led_sif_pool
Lair:1:   layout_layer_cave, st_stairs_5
Lair:2:   layout_long_grid, nicolae_quartered_pool_medium, uniq_sonja,
          uniq_nergalle, uniq_urug
Lair:3:   layout_concentric_octagons, skrybe_swamp_entry_bodies,
          spider_nest_entry_webs, basic_altar, grunt_megastairs_2,
          serial_bayou_shore_b
Lair:4:   layout_big_grid, uniq_rupert
Lair:5:   layout_misc_corridors, serial_bayou, serial_bayou_pond_c,
          serial_bayou_pond_c, serial_bayou_crossing, serial_bayou_shore_b,
          beast_lair_carwin_11, lemuel_fruit_tree
Lair:6:   minmay_lair_end_frog_pond, layout_cave_pods, slime_altar_1
Orc:1:    layout_caves, nicolae_orc_tapped_out, uniq_jorgrun, uniq_snorg,
          uniq_fannar, uniq_maurice
Orc:2:    grunt_orc_gardens, layout_caves, grunt_orc_garden, grunt_orc_garden,
          grunt_orc_garden, grunt_orc_garden, basic_altar, uniq_saint_roka

Skill      XL: |  1  2  3  4  5  6  7  8  9 10 11 12 13 14 15 16 |
---------------+-------------------------------------------------+-----
Axes           | 4 5 6 8 9 11 12 13 14 15 16 18 19 | 19.8
Fighting       | 5 7 9 10 12 13 14 15 | 15.2
Armour         | 4 7 8 10 11 12 14 15 | 15.1
Dodging        | 4 6 8 9 11 12 13 14 | 14.0
Evocations     | 1 4 5 6 |  6.0

Action                   |  1- 3 |  4- 6 |  7- 9 | 10-12 | 13-15 | 16-18 || total
-------------------------+-------+-------+-------+-------+-------+-------++-------
Melee: Hand axe          |    91 |   147 |   220 |       |       |       ||   458
       Headbutt          |    15 |    29 |    47 |    64 |   221 |     4 ||   380
       War axe           |       |       |    44 |   300 |       |       ||   344
       Broad axe         |       |       |       |    92 |   896 |    18 ||  1006
Throw: Dart              |       |       |    12 |       |     8 |       ||    20
Invok: Berserk           |       |     2 |     2 |     5 |     9 |     1 ||    19
       Trog's Hand       |       |     1 |     1 |       |     6 |     1 ||     9
       Brothers in Arms  |       |       |       |     3 |     4 |     1 ||     8
Evoke: Wand              |       |       |       |       |    15 |       ||    15
  Use: Scroll            |       |     5 |    13 |     2 |     9 |     1 ||    30
       Potion            |       |       |     2 |       |       |       ||     2
 Stab: Distracted        |       |       |       |     1 |     1 |       ||     2
Armor: Ring mail         |    34 |    43 |    67 |    10 |       |       ||   154
       Swamp dragon scal |       |       |       |   119 |   149 |       ||   268
       Crystal plate arm |       |       |       |       |   346 |    13 ||   359
Dodge: Dodged            |    52 |    91 |   100 |   197 |   596 |    15 ||  1051

Table legend: (Time is in decaauts)
 A = Elapsed time spent in this place.
 B = Non-inter-level travel time spent in this place.
 C = Inter-level travel time spent in this place.
 D = Time resting spent in this place.
 E = Time spent auto-exploring this place.
 F = Levels seen in this place.
 G = Mean time per level.
                   A        B        C        D        E       F      G
               +--------+--------+--------+--------+--------+-----+--------+
         Total |  28680 |  27848 |    832 |   5052 |  17331 |  25 | 1147.2 |
       Dungeon |  16634 |  16216 |    418 |   1705 |  11310 |  15 | 1108.9 |
          Lair |   8761 |   8448 |    313 |   2109 |   4665 |   6 | 1460.2 |
  Orcish Mines |   2641 |   2540 |    101 |   1028 |   1150 |   2 | 1320.5 |
        Bazaar |    244 |    244 |      0 |      0 |    205 |   1 |  244.0 |
        Bailey |    397 |    397 |      0 |    209 |      0 |   1 |  397.0 |
               +--------+--------+--------+--------+--------+-----+--------+

Top non-repeatable levels by time:
  Lair:6: 3383 daAuts
     D:3: 2249 daAuts
   Orc:1: 1690 daAuts
  Lair:2: 1607 daAuts
     D:6: 1564 daAuts
     D:7: 1452 daAuts
     D:8: 1354 daAuts
    D:12: 1228 daAuts
  Lair:3: 1133 daAuts
  Lair:1: 1125 daAuts
     D:1: 1072 daAuts
     D:2: 1066 daAuts
    D:11: 1039 daAuts
     D:5: 993 daAuts
    D:13: 983 daAuts
